 Dungeon Crawl Stone Soup version 0.22-a0-402-ga933591 (webtiles) character file.

16 4thArraOfDagon the Firebug (level 2, -3/18 HPs)
             Began as a Felid Fire Elementalist on May 6, 2018.
             Slain by an ogre
             ... wielding a +0 giant spiked club
              (21 damage)
             ... on level 4 of the Dungeon.
             The game lasted 00:01:12 (218 turns).

4thArraOfDagon the Firebug (Felid Fire Elementalist) Turns: 218, Time: 00:01:13

Health: -3/18      AC:  1    Str:  9    XL:     2   Next: 41%
Magic:  6/6        EV: 18    Int: 16    God:
Gold:   0          SH:  0    Dex: 16    Spells: 4/5 levels left
                                        Lives:  0   Deaths: 0

rFire    . . .     SeeInvis +   (weapon unavailable)
rCold    . . .     Gourm    .   (shield unavailable)
rNeg     . . .     Faith    .   (armour unavailable)
rPois    .         Spirit   .   (helmet unavailable)
rElec    .         Reflect  .   (cloak unavailable)
rCorr    .         Harm     .   (gloves unavailable)
MR       .....                  (boots unavailable)
Stlth    ..........             a - amulet of rage
HPRegen  0.06/turn              (no ring)
MPRegen  0.10/turn              (no ring)

@: berserking, very quick
A: very small, no armour, no weapons or thrown items, stealth, claws 1, fangs 3,
see invisible, carnivore, speed 1, shaggy fur 1, slow metabolism 1, sharp paws
a: Evoke Berserk Rage


You were on level 4 of the Dungeon.
You were not hungry.

You visited 1 branch of the dungeon, and saw 4 of its levels.

Inventory:

Jewellery
 a - an amulet of rage (around neck)
Scrolls
 f - a scroll of teleportation {unknown}
 h - 3 scrolls of remove curse {unknown}
Potions
 c - a potion of ambrosia {unknown}
 d - a potion of heal wounds {unknown}
 e - a potion of degeneration {unknown}
 g - a potion of haste {unknown}
Comestibles
 b - 3 rations


   Skills:
 + Level 0.5 Fighting
 + Level 2.9 Dodging
 + Level 2.9 Stealth
 + Level 2.1 Spellcasting
 * Level 1.3 Conjurations
 * Level 2.9 Fire Magic


You had 4 spell levels left.
You knew the following spells:

 Your Spells              Type           Power        Failure   Level  Hunger
a - Flame Tongue          Conj/Fire      #....        9%          1    #......


Dungeon Overview and Level Annotations

Branches:
Dungeon (4/15)
 Temple: D:4-7

Altars:


Innate Abilities, Weirdness & Mutations

You cannot wear armour.
You are incapable of wielding weapons or throwing items.
Your paws allow you to move quietly. (Stealth)
You have sharp claws.
You have razor-sharp teeth.
You have supernaturally acute eyesight. (SInv)
You are carnivorous and can eat meat at any time.
You cover ground quickly.
You are covered in fur. (AC +1)
You have a slow metabolism.
Your sharp claws are effective at attacking unaware monsters.


Message History

g - a pink potion Unknown command.
h - 3 scrolls labeled AVONINAUFA Your magical contamination has completely faded away.
You feel yourself speed up.
You recover from your berserk rage.
You open the door.
Found 23 stones.
An ogre comes into view. It is wielding a giant spiked club.
Found a square lapis lazuli amulet.
There is an open door here.
Unknown command.
A red film seems to cover your vision as you go berserk!
You feel yourself moving faster!
You feel mighty!
You feel a lot more hungry.
The ogre shouts!
You hear a bark!
You claw the ogre! Your bite misses the ogre.
The ogre is heavily wounded.
The ogre hits you with a giant spiked club!!
Ouch! That really hurt!
You die...

.........# #.....#
.........# #.....+
###############.....#
....................#
....................#
....................#
....................#
....................#
#......#########@####
#......# #.O..#
#......# +....#
#......# #(.."#
#......+ #...##
#......# #...#
###..... #...#
#...... ....h
#.......


You could see an ogre and a jackal.

Vanquished Creatures
  An adder (D:4)
  An ooze (D:2)
  An orc (D:3)
  A bat (D:3)
4 creatures vanquished.

Notes
Turn   | Place    | Note
-------+----------+-------------------------------------------
     0 | D:1      | 4thArraOfDagon the Felid Fire Elementalist began the quest for the Orb.
     0 | D:1      | Reached XP level 1. HP: 7/7 MP: 4/4
    43 | D:2      | Reached skill level 1 in Conjurations
   149 | D:4      | Reached XP level 2. HP: 12/12 MP: 4/6
   216 | D:4      | Noticed an ogre
   218 | D:4      | Slain by an ogre

Vault maps used:
D:1:      shiori_arrival_elements, minmay_quantized
D:2:      nicolae_ashenzari_panopticon, lemuel_crystal_altar, first_ration,
          fountainhead, uniq_crazy_yiuf_cottage

Skill      XL: |  1 |
---------------+----+-----
Conjurations   | 1 |  1.3
Fighting       | |  0.5
Dodging        | |  2.9
Stealth        | |  2.9
Spellcasting   | |  2.1
Fire Magic     | |  2.9

Action                   || total
-------------------------++-------
Melee: Unarmed           ||     5
 Cast: Flame Tongue      ||     5
 Abil: Evoke Berserk Rag ||     2
Dodge: Dodged            ||     3

Table legend:
 A = Spawn XP
 B = Non-spawn XP
 C = Spawn XP percentage of total XP
 D = Spawn monster count
 E = Non-spawn monster count
 F = Spawn count percentage of total count
 G = Total turns spent on level
                    A         B        C        D         E        F      G
               +---------+---------+-------+---------+---------+-------+---------
         Total |       0 |      24 |   0.0 |       0 |       4 |   0.0 |   218
               +---------+---------+-------+---------+---------+-------+---------
           D:2 |       0 |       7 |   0.0 |       0 |       1 |   0.0 |    48
           D:3 |       0 |       4 |   0.0 |       0 |       2 |   0.0 |    70
           D:4 |       0 |      13 |   0.0 |       0 |       1 |   0.0 |    78
               +---------+---------+-------+---------+---------+-------+---------
